 Dungeon Crawl Stone Soup version 0.31.0-12-g77e489cdc1 (webtiles) character file.

Game seed: 4467590555794800780

20 dirge the Sneak (level 2, 0/13 HPs)
             Began as a Spriggan Enchanter on Mar 2, 2024.
             Succumbed to an adder's poison
             ... on level 2 of the Dungeon.
             The game lasted 00:02:07 (1142 turns).

dirge the Sneak (Spriggan Enchanter)                Turns: 1142, Time: 00:02:07

Health: 0/13       AC:  2    Str:  4    XL:     2   Next: 58%
Magic:  2/7        EV: 17    Int: 16    God:
Gold:   85         SH:  0    Dex: 15    Spells: 5/7 levels left

rFire   . . .        a - +1 dagger
rCold   . . .        (no shield)
rNeg    . . .        b - +0 robe
rPois   .            (helmet restricted)
rElec   .            (no cloak)
rCorr   .            (gloves unavailable)
SInv    +            (boots unavailable)
Will    .....        (no amulet)
Stlth   +++          (no ring)
HPRegen 0.22/turn    (no ring)
MPRegen 0.10/turn

%: no passive effects
@: brilliant, lethally poisoned (0 -> -2), very quick
A: very small, no large weapons, unfitting armour, see invisible, speed 3
a: no special abilities


You were on level 2 of the Dungeon.
You visited 1 branch of the dungeon, and saw 2 of its levels.

You collected 85 gold pieces.

Inventory:

Hand Weapons
 a - a +1 dagger (weapon)
Missiles
 f - 3 darts of dispersal (quivered)
Armour
 b - a +0 robe (worn)
Scrolls
 e - a scroll of fear {unknown}
Potions
 c - 2 potions of invisibility


   Skills:
 * Level 1.7 Short Blades
 + Level 3.1 Dodging
 + Level 4.7 Stealth
 + Level 3.0 Spellcasting
 + Level 3.9 Hexes


You had 5 spell levels left.
You knew the following spells:

 Your Spells              Type           Power      Damage    Failure   Level
a - Ensorcelled Hibernat  Hex/Ice        26%        N/A       13%         2

Your spell library contained the following spells:

 Spells                   Type           Power      Damage    Failure   Level
 Confusing Touch          Hex            22%        N/A       11%         3
 Tukima's Dance           Hex            22%        N/A       11%         3
 Dazzling Flash           Conj/Hex       26%        N/A       26%         3


Dungeon Overview and Level Annotations

Branches:
Dungeon (2/15)

Altars:


Innate Abilities, Weirdness & Mutations

You are very small and have problems with some larger weapons.
You are too small for most types of armour.
You have supernaturally acute eyesight. (SInv)
You cover ground extremely quickly. (Speed+++)


Message History

You feel sick. The adder bites you.
You miss the adder.
The adder is severely wounded.
You feel sick. The adder bites you but does no damage.
You hit the adder but do no damage.
The adder is severely wounded.
You feel sick. The adder completely misses you.
The adder bites you but does no damage.
You hit the adder but do no damage.
The adder is severely wounded.
You feel sick.
You are no longer poisoned.
The adder bites you.
You hit the adder but do no damage.
The adder is severely wounded.
The adder bites you but does no damage.
Your magical contamination has completely faded away.
It was a potion of brilliance.
You feel clever all of a sudden. The adder closely misses you.
You barely miss the adder.
The adder is severely wounded.
The adder bites you.
* * * LOW HITPOINT WARNING * * *
You are lethally poisoned!
The adder poisons you! The adder misses you.
Okay, then.
* * * LOW HITPOINT WARNING * * *
You feel sick.
* * * LOW HITPOINT WARNING * * *
You feel sick.
* * * LOW HITPOINT WARNING * * *
You feel sick.
Casting: Ensorcelled Hibernation (safe; 13% risk of failure)
Confirm with . or Enter, or press ? or * to list all spells.
Aiming: Ensorcelled Hibernation (safe; 13% risk of failure)
Press: ? - help, Shift-Dir - straight line, f/p - adder
Aim: an adder (severely wounded, chance to affect: 55%)
You feel a surge of power!
The adder looks drowsy...
You die...

..#### . ####....##
..##........#
............#
#.........#
#.....)...# .#
#.........# #####.#
#......S..###...#.#
#........@'.#...#.#
#.........#.....#.#
#.........##....#.#
.....
#.........##....#.#
#....
#.###########.....#
#.h..
#...<......##...#.#
#....
#..#.......##...#.#
#.... #.
#.......######.##
#.... # #.......#
#..# #....


You could see an adder (asleep).

Vanquished Creatures
  4 ball pythons
  A bat (D:1)
  An endoplasm (D:1)
  2 giant cockroaches
  A goblin (D:2)
  2 hobgoblins (D:1)
  2 jackals (D:2)
  A frilled lizard (D:1)
  2 kobolds (D:1)
  2 rats (D:1)
18 creatures vanquished.

Notes
Turn   | Place    | Note
-------+----------+-------------------------------------------
     0 | D:1      | dirge the Spriggan Enchanter began the quest for the Orb.
     0 | D:1      | Reached XP level 1. HP: 9/9 MP: 5/5
   455 | D:1      | Reached XP level 2. HP: 4/13 MP: 6/6
   562 | D:1      | Learned a level 2 spell: Ensorcelled Hibernation
  1142 | D:2      | Succumbed to an adder's poison

Illustrated notes

Levels and vault maps discovered:
D:1:      beargit_arrival_diablo_church, layout_basic
D:2:      layout_basic

Skill      XL: |  1  2 |
---------------+-------+-----
Dodging        | 3 |  3.1
Spellcasting   | 3 |  3.0
Short Blades   | |  1.7
Stealth        | |  4.7
Hexes          | |  3.9

Action                     || total
---------------------------++-------
  Melee: Dagger            ||    86
   Cast: Ensorcelled Hiber ||     8
    Use: Potion            ||     1
   Stab: Sleeping          ||     7
 Armour: Robe              ||    35
  Dodge: Dodged            ||    98
